 Dungeon Crawl Stone Soup version 0.31-a0-188-g5e087ee2ca (webtiles) character file.

Game seed: 2236536022674835923

197 qw the Skirmisher (level 5, 0/29 HPs)
             Began as a Deep Elf Hunter on June 23, 2023.
             Slain by an orc wizard
             ... wielding a +0 dagger
              (1 damage)
             ... on level 4 of the Dungeon.
             The game lasted 00:00:53 (1855 turns).

qw the Skirmisher (Deep Elf Hunter)                 Turns: 1855, Time: 00:00:53

Health: 0/29       AC:  6    Str: 10    XL:     5   Next: 46%
Magic:  7/7        EV: 16    Int: 14    God:
Gold:   124        SH:  0    Dex: 18    Spells: 4/4 levels left

rFire   . . .        Y - +1 shortbow
rCold   . . .        (shield currently unavailable)
rNeg    . . .        e - +1 ring mail
rPois   .            (no helmet)
rElec   .            (no cloak)
rCorr   .            (no gloves)
SInv    .            (no boots)
Will    .....        h - amulet of faith
Stlth   +            f - +5 ring of evasion
HPRegen 0.24/turn    (no ring)
MPRegen 0.10/turn

%: faith
@: about to teleport
A: no striking features
a: no special abilities


You were on level 4 of the Dungeon.
You visited 1 branch of the dungeon, and saw 4 of its levels.

You collected 124 gold pieces.


   Skills:
 + Level 1.6 Fighting
 - Level 9.0 Ranged Weapons
 - Level 2.4 Dodging
 - Level 1.2 Stealth


You had 4 spell levels left.
You didn't know any spells.
Your spell library was empty.

Inventory:

Hand Weapons
 Y - a +1 shortbow (weapon)
Armour
 e - a +1 ring mail (worn)
Jewellery
 f - a +5 ring of evasion (left hand)
 h - an amulet of faith (around neck)
Scrolls
 a - a scroll of identify
 b - a scroll of teleportation
Potions
 c - a potion of haste
 d - a potion of degeneration {unknown}
 j - a potion of enlightenment {unknown}
 k - a potion of heal wounds {unknown}
 m - a potion of resistance {unknown}
 n - a potion of mutation {unknown}
 p - a potion of might {unknown}

Dungeon Overview and Level Annotations

Branches:
Dungeon (4/15)
 Temple: D:4-7

Altars:


Message History

The endoplasm is lightly wounded.
Something barely misses you.
The endoplasm hits you but does no damage.
You shoot an arrow. The arrow hits the endoplasm.
The endoplasm is almost dead.
Something hits you but does no damage. The endoplasm misses you.
You shoot an arrow. The arrow hits the endoplasm.
You kill the endoplasm!
You hear some strange, mumbled words.
A magic dart appears from out of thin air!
The magic dart hits you but does no damage.
Something hits you but does no damage. The orc hits you with a +0 flail.
Your Ranged Weapons skill increases to level 9!
You shoot an arrow. The arrow hits the orc.
The orc is severely wounded.
The orc barely misses you. Something closely misses you.
You shoot an arrow. The arrow hits the orc.
You kill the orc!
You hear some strange, mumbled words.
A magic dart appears from out of thin air!
The magic dart hits you.
You shoot an arrow. The arrow barely misses the orc.
The orc misses you. Something hits you but does no damage.
You shoot an arrow. The arrow hits the orc.
The orc is lightly wounded.
The orc misses you. Something hits you but does no damage.
You shoot an arrow. The arrow hits the orc.
You kill the orc!
The orc priest mumbles some strange prayers to Beogh against you.
Beogh smites you!
Ouch! That really hurt!
You hear some strange, mumbled words.
Something tries to affect you, but you resist.
1854 ||| READING 2 scrolls of teleportation.
As you read the scroll of teleportation, it crumbles to dust.
You feel strangely unstable. Something barely misses you.
You shoot an arrow. Something hits you.
You die...

.. ... #.. #.#
###..# ......###
....o?){# #@#
#.### # #...# .#
###.# ..#
##########.#...#
#..........)...#
#)#######.#....#
#.# #.#....# #.#
#.##.###


You could see an orc priest.

Vanquished Creatures
  An ogre (D:4)
  An iguana (D:3)
  An adder (D:2)
  2 worms (D:2)
  2 dart slugs
  5 orcs
  6 ball pythons
  7 endoplasms
  3 giant cockroaches
  6 goblins
  6 hobgoblins
  5 quokkas
  5 bats
  2 frilled lizards (D:1)
  3 kobolds
  4 rats
59 creatures vanquished.

Notes
Turn   | Place    | Note
-------+----------+-------------------------------------------
     0 | D:1      | qw the Deep Elf Hunter began the quest for the Orb.
     0 | D:1      | Reached XP level 1. HP: 12/12 MP: 3/3
     0 | D:1      | 0 ||| qw: Version: 0.3-a-9-g12657ce
     0 | D:1      | 0 ||| qw: Game counter: 3428
     0 | D:1      | 0 ||| qw: Always use a shield: true
     0 | D:1      | 0 ||| qw: God list: Okawaru
     0 | D:1      | 0 ||| qw: Allow faded altars: false
     0 | D:1      | 0 ||| qw: Do Orc after D:15 true
     0 | D:1      | 0 ||| qw: Do second Lair branch before Depths: true
     0 | D:1      | 0 ||| qw: Lair rune preference: random
     0 | D:1      | 0 ||| qw: Plans: Normal
     0 | D:1      | 0 ||| PLANNING D:1-11
    67 | D:1      | Reached skill level 6 in Ranged Weapons
    67 | D:1      | Reached XP level 2. HP: 16/16 MP: 4/4
   298 | D:1      | Reached XP level 3. HP: 20/20 MP: 5/5
   332 | D:1      | 332 ||| UPGRADING to +0 ring mail.
   342 | D:1      | 342 ||| DROPPING +0 leather armour.
   343 | D:1      | 343 ||| UPGRADING to amulet of faith.
   348 | D:1      | 348 ||| UPGRADING to +5 ring of evasion.
   349 | D:1      | 349 ||| READING 2 scrolls labelled JAATORPHAGIT.
   350 | D:1      | 350 ||| READING scroll labelled ZYMAUTA ZOI.
   351 | D:1      | 351 ||| DROPPING scroll of butterflies.
   410 | D:2      | 410 ||| Stepping ~*~*~tactically~*~*~ (outnumbered).
   463 | D:2      | Reached skill level 7 in Ranged Weapons
   493 | D:2      | 493 ||| READING scroll labelled XEEPPUYL NERIK.
   521 | D:2      | 521 ||| READING scroll of enchant armour.
   521 | D:2      | 521 ||| ENCHANTING +0 ring mail.
   967 | D:2      | 967 ||| READING scroll labelled RAMUDD SYRIEMM.
   968 | D:2      | 968 ||| READING 2 scrolls of identify.
   968 | D:2      | 968 ||| IDENTIFYING bubbling yellow potion
   969 | D:2      | 969 ||| DROPPING potion of brilliance.
  1006 | D:3      | 1006 ||| STAIRDANCE
  1100 | D:3      | Reached XP level 4. HP: 11/25 MP: 6/6
  1633 | D:3      | Reached skill level 8 in Ranged Weapons
  1705 | D:3      | 1705 ||| READING 3 scrolls labelled XADUJA XIRUO.
  1708 | D:3      | 1708 ||| READING 2 scrolls labelled CIHI INGOYZ.
  1709 | D:3      | 1709 ||| READING scroll labelled WOGEIM XELE.
  1710 | D:3      | 1710 ||| READING scroll labelled DUANKA ZAER.
  1711 | D:3      | 1711 ||| DRINKING 2 cyan potions.
  1712 | D:3      | 1712 ||| DRINKING 2 yellow potions.
  1713 | D:3      | 1713 ||| DROPPING scroll of fog.
  1727 | D:4      | Noticed an ogre
  1731 | D:4      | Killed an ogre
  1732 | D:4      | Reached XP level 5. HP: 29/29 MP: 7/7
  1836 | D:4      | 1836 ||| DRINKING potion of curing.
  1836 | D:4      | 1836 ||| (to cure confusion)
  1849 | D:4      | Reached skill level 9 in Ranged Weapons
  1853 | D:4      | HP: 1/29 [orc priest/divine providence (17)]
  1854 | D:4      | 1854 ||| READING 2 scrolls of teleportation.
  1855 | D:4      | Slain by an orc wizard

Levels and vault maps discovered:
D:1:      saegor_arrival_simple_a, layout_rooms, st_stairs_12
D:2:      layout_rooms, nicolae_concentric_dashed_squares_wild
D:3:      layout_basic, minivault_24, dk_noncrumbling_4, glass_columns_b
D:4:      layout_basic, uniq_eustachio

Skill      XL: |  1  2  3  4  5 |
---------------+----------------+-----
Ranged Weapons | 6 7 8 9 |  9.0
Fighting       | |  1.6
Dodging        | |  2.4
Stealth        | |  1.2

Action                     |  1- 3 |  4- 6 || total
---------------------------+-------+-------++-------
   Fire: Shortbow          |   145 |    47 ||   192
    Use: Scroll            |     6 |     5 ||    11
         Potion            |       |     3 ||     3
 Armour: Leather armour    |     3 |       ||     3
         Ring mail         |     6 |    12 ||    18
  Dodge: Dodged            |    43 |    15 ||    58

Table legend:
 A = Non-vault XP
 B = Vault XP
 C = Vault XP percentage of total XP
 D = Non-vault monster count
 E = Vault monster count
 F = Vault count percentage of total count
                 A         B        C        D         E       F
            +---------+---------+-------+---------+---------+-------
      Total |     280 |       2 |   0.7 |      58 |       1 |   1.7
            +---------+---------+-------+---------+---------+-------
        D:1 |      39 |       2 |   4.9 |      23 |       1 |   4.2
        D:2 |      52 |       0 |   0.0 |      19 |       0 |   0.0
        D:3 |      57 |       0 |   0.0 |      10 |       0 |   0.0
        D:4 |     132 |       0 |   0.0 |       6 |       0 |   0.0
            +---------+---------+-------+---------+---------+-------
